 Dungeon Crawl Stone Soup version 0.31-a0-182-gc5ef74bbde (webtiles) character file.

Game seed: 15998793626606510461

57 Midn8 the Cutter (level 4, 0/23 HPs)
             Began as a Vine Stalker Reaver on June 22, 2023.
             Was an Elder of Uskayaw.
             Slain by an orc
             ... wielding a +0 flail
              (3 damage)
             ... on level 3 of the Dungeon.
             The game lasted 00:03:22 (1289 turns).

Midn8 the Cutter (Vine Stalker Reaver)              Turns: 1289, Time: 00:03:23

Health: 0/23       AC:  4    Str: 14    XL:     4   Next: 0%
Magic:  0/8        EV: 11    Int: 13    God:    Uskayaw [****..]
Gold:   60         SH:  0    Dex: 15    Spells: 4/7 levels left

rFire   . . .        a - +0 short sword
rCold   . . .        (no shield)
rNeg    . . .        b - +1 leather armour
rPois   .            (no helmet)
rElec   .            (no cloak)
rCorr   .            (no gloves)
SInv    .            (no boots)
Will    .....        (no amulet)
Stlth   +            (no ring)
HPRegen 1.03/turn    (no ring)
MPRegen 0.11/turn

%: guardian spirit
@: immotile
A: fangs 2, regeneration 1, magic shield, antimagic bite, no potion heal 2
a: Renounce Religion, Stomp, Line Pass


You were on level 3 of the Dungeon.
You worshipped Uskayaw.
Uskayaw was noncommittal.
You visited 1 branch of the dungeon, and saw 4 of its levels.

You collected 60 gold pieces.

Inventory:

Hand Weapons
 a - a +0 short sword (weapon)
Missiles
 e - 3 javelins
 i - 5 poisoned darts
Armour
 b - a +1 leather armour (worn)
Scrolls
 c - a scroll of fog {unknown}
 f - a scroll of noise {unknown}
 g - 2 scrolls of blinking
Potions
 d - a potion of magic
 h - a potion of degeneration {unknown}
 j - a potion of heal wounds {unknown}
 l - a potion of brilliance {unknown}


   Skills:
 - Level 1.7 Fighting
 - Level 4.0 Short Blades
 - Level 1.5 Dodging
 - Level 2.1 Spellcasting
 - Level 3.0 Conjurations
 + Level 1.5 Translocations


You had 4 spell levels left.
You knew the following spells:

 Your Spells              Type           Power      Damage    Failure   Level
a - Kiss of Death         Conj/Necr      20%        2d7       17%         1
s - Momentum Strike       Conj/Tloc      14%        3d8       19%         2

Your spell library contained the following spells:

 Spells                   Type           Power      Damage    Failure   Level
 Apportation              Tloc           10%        N/A       17%         1
 Freeze                   Ice            4%         1d3       32%         1
 Hailstorm                Conj/Ice       5%         3d4       45%         3
 Frozen Ramparts          Ice            2%         1d1       67%         3
 Alistair's Intoxication  Tmut/Pois      0%         N/A       100%        5


Dungeon Overview and Level Annotations

Branches:
Dungeon (4/15)
 Temple: D:4-7

Altars:
Uskayaw


Innate Abilities, Weirdness & Mutations

You have extremely sharp teeth.
Your natural rate of healing is unusually fast.
When hurt, damage is shared between your health and your magic reserves.
Your bite disrupts and absorbs the magic of your enemies.
Potions cannot restore your health.


Message History

The orc is no longer paralysed. x2; Something hits you.
You closely miss something. You bite something. You drain its magic.
You feel invigorated.
You hit something but do no damage. Something hits you.
You miss something. Something hits you.
You miss something. You bite something. Something hits you but does no damage.
You closely miss something. You closely miss something. You bite something.
You hit something. Something hits you.
You hit something but do no damage. Your bite misses something.
Something hits you.
You miss something. Something hits you.
You hit something.
Reactivating autopickup.
You feel a bit more experienced.
Training target 4.0 for Short Blades reached!
Your Short Blades skill increases to level 4!
You need to enable at least one skill for training.
Your Translocations skill increases to level 1!
Cast which spell? (? or * to list)
Aiming: Momentum Strike (safe; 21% risk of failure)
Press: ? - help, Dir - move target, f - orc
Aim: an orc, wielding a +0 dagger and wearing a +0 leather armour (heavily wounded, 68% to hit)
The concentrated momentum hits the orc!
You kill the orc!
You are unable to move.
Uskayaw will force your foes to share their pain.
Uskayaw links your audience in an emotional bond!
You hit the orc.
You kill the frilled lizard!
The orc is severely wounded.
The orc hits you with a +0 flail!
* * * LOW HITPOINT WARNING * * *
You have reached level 4!
You feel agile.
You begin to heal more quickly.
You completely miss the orc. Your bite misses the orc.
The orc is severely wounded.
The orc hits you with a +0 flail.
You die...

#.#.###.#####.#####
###.#.....# #.#
#.......### #.#
#.......# #.#
#.......# #.#
#.......# #.#
###.....# #.#
#.###.# #.# #.# #@#
.###.###o### ##
........)..#####...
.####........o.....
#.........o....
#..............
#..............
#######........
#........


You could see an orc (pain bonded).

Vanquished Creatures
  An orc wizard (D:3)
  A worm (D:3)
  2 dart slugs
  2 orcs (D:3)
  6 bats
  3 endoplasms
  2 goblins
  A hobgoblin (D:1)
  A ball python (D:2)
  2 frilled lizards
  A kobold (D:1)
  A rat (D:1)
23 creatures vanquished.

Notes
Turn   | Place    | Note
-------+----------+-------------------------------------------
     0 | D:1      | Midn8 the Vine Stalker Reaver began the quest for the Orb.
     0 | D:1      | Reached XP level 1. HP: 11/11 MP: 4/4
   144 | D:1      | Reached skill level 3 in Short Blades
   233 | D:1      | Reached XP level 2. HP: 12/15 MP: 4/6
   907 | D:2      | You fall into a shaft and drop 2 floors!
   913 | D:4      | Noticed an ogre
   939 | D:3      | Found a hide-covered altar of Uskayaw.
   951 | D:3      | Became a worshipper of Uskayaw the Reveller
  1057 | D:3      | Reached * piety under Uskayaw
  1103 | D:3      | Reached XP level 3. HP: 12/18 MP: 5/7
  1205 | D:3      | Learned a level 2 spell: Momentum Strike
  1261 | D:3      | Reached ** piety under Uskayaw
  1275 | D:3      | Reached *** piety under Uskayaw
  1287 | D:3      | Reached skill level 4 in Short Blades
  1287 | D:3      | Reached skill level 1 in Translocations
  1287 | D:3      | Reached **** piety under Uskayaw
  1289 | D:3      | Gained mutation: Your natural rate of healing is unusually
                  | fast. [Vine Stalker growth]
  1289 | D:3      | Reached XP level 4. HP: 2/23 MP: 0/8
  1289 | D:3      | Slain by an orc

Illustrated notes

Levels and vault maps discovered:
D:1:      lightli_arrival_statue_moat, layout_loops_ring
D:2:      layout_basic, kennysheep_generic_room_9, uniq_robin
D:3:      layout_basic, nicolae_overflow_crystal_walls,
          ebering_ecumenical_altar_hall, minmay_fractal_squares_5
D:4:      minmay_diamond_boxcup, layout_cave_pods, elyvilon_altar_5,
          uniq_blork_the_orc, uniq_grinder, uniq_pikel

Skill      XL: |  1  2  3 |
---------------+----------+-----
Short Blades   | 3 4 |  4.0
Translocations | 1 |  1.5
Fighting       | |  1.7
Dodging        | |  1.5
Spellcasting   | |  2.1
Conjurations   | |  3.0

Action                     |  1- 3 |  4- 6 || total
---------------------------+-------+-------++-------
  Melee: Short sword       |   114 |     1 ||   115
         Bite              |    34 |       ||    34
         Punch             |     1 |       ||     1
   Cast: Momentum Strike   |     1 |       ||     1
    Use: Scroll            |     6 |       ||     6
   Stab: Sleeping          |     2 |       ||     2
 Armour: Leather armour    |    21 |       ||    21
  Dodge: Dodged            |    36 |       ||    36

Table legend: (Time is in decaauts)
 A = Elapsed time spent in this place.
 B = Non-inter-level travel time spent in this place.
 C = Inter-level travel time spent in this place.
 D = Time resting spent in this place.
 E = Time spent auto-exploring this place.
 F = Levels seen in this place.
 G = Mean time per level.
                   A        B        C        D        E       F      G
               +--------+--------+--------+--------+--------+-----+--------+
         Total |   1269 |   1206 |     63 |    148 |    740 |   4 |  317.2 |
       Dungeon |   1269 |   1206 |     63 |    148 |    740 |   4 |  317.2 |
               +--------+--------+--------+--------+--------+-----+--------+

Top non-repeatable levels by time:
     D:1: 764 daAuts
     D:3: 344 daAuts
     D:2: 135 daAuts
     D:4: 24 daAuts
